AoeStats
← Baudouin IV

Pilgrims

509354261Analyzed
2v2 RM · 5d ago on Sep 26, 2026· 31m 26s· 4 players
Game mode
Random Map
Map size
Medium (4 player)
Population
200
Speed
Normal
Resources
Standard
Victory
Conquest
Starting age
Dark Age
Ending age
Imperial Age
RankedLock teamsTeams togetherTeam positionsShared explorationLock speedFull tech treeHidden civsTurbo modeCheats
Victory
Defeat
🇺🇸 Koreans · United States
831
+16
🇮🇹 Ethiopians · Italy
809
+17
🇫🇷 Spanish · France
858
-17
🇫🇷 Gurjaras · France
816
-16
DopeyCrown67
11:24 Feudal Age
12:42 Wheelbarrow
15:15 Gold Mining
18:10 Castle Age
17:15 Fletching
18:48 Loom
19:19 Hand Cart
20:02 Town Watch
29:06 Bodkin Arrow
Canovaking
13:05 Feudal Age
12:21 Loom
13:33 Double-Bit Axe
13:34 Fishing Lines
14:51 Wheelbarrow
13:59 Horse Collar
14:08 Town Watch
24:51 Gold Mining
27:59 Castle Age
28:55 Hand Cart
28:48 Heavy Plow
28:44 Gillnets
29:10 Squires
28:56 Arson
29:14 Town Patrol
29:29 Bow Saw
29:59 Gold Shaft Mining
29:15 Stone Mining
Baudouin IV
3:50 Loom
10:53 Feudal Age
13:22 Double-Bit Axe
13:45 Gold Mining
13:46 Stone Mining
15:11 Horse Collar
20:43 Castle Age
19:41 Wheelbarrow
23:01 Bow Saw
22:56 Heavy Plow
23:08 Fletching
24:21 Stone Shaft Mining
24:07 Murder Holes
24:33 Ballistics
24:31 Bodkin Arrow
32:39 Imperial Age
31:10 Hand Cart
pi le pain
9:53 Feudal Age
11:31 Bloodlines
24:01 Horse Collar
26:37 Castle Age
25:01 Forging
24:59 Scale Barding Armor
24:53 Double-Bit Axe
26:37 Light Cavalry
27:20 Husbandry
Connection lost

Rejoining the realm…

Still unreachable

The connection could not be restored.

Session expired

The server has moved on; the page needs a fresh start.